 Dungeon Crawl Stone Soup version 0.24-a0-282-g1a68c91 (webtiles) character file.

Game seed: 13149474010583679720

5 mhoghedin the Sneak (level 1, -1/14 HPs)
             Began as a Vampire Ice Elementalist on May 2, 2019.
             Slain by a jackal (3 damage)
             ... on level 1 of the Dungeon.
             The game lasted 00:01:14 (197 turns).

mhoghedin the Sneak (Vampire Ice Elementalist)       Turns: 197, Time: 00:01:14

Health: -1/14      AC:  2    Str:  7    XL:     1   Next: 66%
Magic:  0/3        EV: 12    Int: 17    God:
Gold:   42         SH:  0    Dex: 14    Spells: 3/4 levels left

rFire    . . .     SeeInvis +   e - +0 spear
rCold    . . .     Gourm    .   (no shield)
rNeg     + . .     Faith    .   a - +0 robe
rPois    .         Spirit   .   (no helmet)
rElec    .         Reflect  .   (no cloak)
rCorr    .         Harm     .   (no gloves)
MR       .....                  (no boots)
Stlth    ++........             (no amulet)
HPRegen  0.04/turn              (no ring)
MPRegen  0.08/turn              (no ring)

@: no status effects
A: fangs 3, see invisible, unbreathing
a: no special abilities


You were on level 1 of the Dungeon.
You were not thirsty.

You visited 1 branch of the dungeon, and saw 1 of its levels.

You collected 42 gold pieces.

Inventory:

Hand Weapons
 e - a +0 spear (weapon)
   (You found it on level 1 of the Dungeon)
Armour
 a - a +0 robe (worn)
Scrolls
 b - a scroll of identify {unknown}
 f - a scroll of teleportation {unknown}
 g - 3 scrolls of remove curse {unknown}
Potions
 c - a potion of blood {@q1}
 d - a potion of resistance {unknown}


   Skills:
 + Level 0.6 Fighting
 - Level 2.1 Dodging
 + Level 3.4 Stealth
 - Level 2.0 Spellcasting
   Level 0.6 Conjurations
 - Level 3.0 Ice Magic


You had 3 spell levels left.
You knew the following spells:

 Your Spells              Type           Power        Failure   Level  Hunger
a - Freeze                Ice            ##..         5%          1    #......

Your spell library contained the following spells:

 Spells                   Type           Power        Failure   Level  Hunger
 Throw Frost              Conj/Ice       #.....       14%         2    ###....
 Ozocubu's Armour         Chrm/Ice       #.......     30%         3    ###....
 Throw Icicle             Conj/Ice       #.......     67%         4    #####..
 Summon Ice Beast         Ice/Summ       #.......     71%         4    #####..


Dungeon Overview and Level Annotations

Branches:
Dungeon (1/15)

Altars:


Innate Abilities, Weirdness & Mutations

You have razor-sharp teeth.
You have supernaturally acute eyesight. (SInv)
You can survive without breathing.


Message History

You barely miss the goblin. The goblin hits you.
A jackal comes into view.
You take 2 damage, and have 11/13 hp.
You barely miss the goblin.
The jackal barks!
Your bite misses the goblin. The goblin hits you.
You take 1 damage, and have 10/13 hp.
You hit the goblin.
You kill the goblin!
Attack whom?
Aim: a jackal You reach to attack!
You closely miss the jackal.
A jackal comes into view.
The jackal barks!
You hit the jackal but do no damage.
You hear a bark!
The jackal barely misses you. The jackal bites you.
You take 1 damage, and have 9/13 hp.
You closely miss the jackal. You bite the jackal, but do no damage.
The jackal bites you but does no damage.
You hit the jackal but do no damage. The jackal misses you.
The jackal bites you.
You take 2 damage, and have 8/13 hp.
You hit the jackal. The jackal bites you.
You take 1 damage, and have 7/13 hp.
You are too injured to fight recklessly!
You hit the jackal but do no damage. Your bite misses the jackal.
The jackal bites you but does no damage.
A frilled lizard comes into view.
The jackal barely misses you.
You closely miss the jackal.
A jackal comes into view.
The jackal bites you.
You take 1 damage, and have 6/13 hp.
The frilled lizard hisses angrily.
You hit the jackal. The jackal closely misses you.
The jackal bites you but does no damage.
You barely miss the jackal. The jackal closely misses you.
You closely miss the jackal. The jackal bites you.
The jackal barely misses you.
You take 2 damage, and have 4/13 hp.
You closely miss the jackal. The jackal misses you.
You hit the jackal. The jackal barely misses you. x2
Aim: a jackal (almost dead)
You freeze the jackal.
You kill the jackal!
The jackal barely misses you.
You now have 2/3 mp.
Aim: a jackal You freeze the jackal.
You kill the jackal!
The jackal bites you.
* * * LOW HITPOINT WARNING * * *
You take 1 damage, and have 3/14 hp.
You now have 1/3 mp.
Aim: a jackal You freeze the jackal.
The jackal bites you but does no damage.
You now have 0/3 mp.
Okay, then.
Unknown command.
Unknown command.
You hit the jackal.
You kill the jackal!
The frilled lizard closely misses you.
You closely miss the frilled lizard. Your bite misses the frilled lizard.
The frilled lizard closely misses you.
You closely miss the frilled lizard. The frilled lizard bites you.
* * * LOW HITPOINT WARNING * * *
You take 2 damage, and have 1/14 hp.
There is a shaft here.
The frilled lizard falls through a shaft!
The shaft crumbles and collapses.
Aim: a jackal You miscast Freeze.
You are very lightly contaminated with residual magic.
Frost spreads across the the floor.
The jackal misses you. The jackal barely misses you.
You now have 0/3 mp.
You hit the jackal but do no damage.
The jackal bites you but does no damage.
The jackal bites you but does no damage.
The jackal closely misses you. The jackal bites you.
* * * LOW HITPOINT WARNING * * *
You take 1 damage, and have 1/14 hp.
The jackal bites you but does no damage.
The jackal closely misses you. The jackal closely misses you.
Aim: a jackal You freeze the jackal.
The jackal misses you.
You now have 0/3 mp.
The jackal barely misses you. The jackal closely misses you.
The jackal barely misses you. The jackal barely misses you.
Your magical contamination has completely faded away.
The jackal barely misses you.
Aim: a jackal (heavily wounded)
You freeze the jackal. The jackal bites you.
You die...

###...........####.#.#
#..................#
..(...........#.##.#
#..........#..#.##.#
#.............%.....
#..≈≈≈.≈≈≈...##.####.#
..≈≈.....≈≈..........# #
.≈≈..8..♣.≈≈...#########..###
≈≈...%.....≈≈..h@........(..
≈.....♣.....≈..##..####[?#
≈........8..≈..##.....†..#
≈≈..8.<....≈≈.....########
.≈≈..♣....≈≈....###
..≈≈.....≈≈....##
...≈≈≈≈≈≈≈....##
......)......##
#...........##


You could see a jackal.

Vanquished Creatures
  3 jackals (D:1)
  A goblin (D:1)
  A rat (D:1)
5 creatures vanquished.

Notes
Turn   | Place    | Note
-------+----------+-------------------------------------------
     0 | D:1      | mhoghedin the Vampire Ice Elementalist began the quest for
                  | the Orb.
     0 | D:1      | Reached XP level 1. HP: 13/13 MP: 3/3
   160 | D:1      | HP: 3/14 [jackal (1)]
   164 | D:1      | HP: 1/14 [frilled lizard (2)]
   178 | D:1      | HP: 1/14 [jackal (1)]
   197 | D:1      | Slain by a jackal

Levels and vault maps discovered:
D:1:      moated_graveyard_arrival, layout_basic, solitary_fountain

Action                   || total
-------------------------++-------
Melee: Spear             ||    19
       Unarmed           ||    11
       Bite              ||     1
 Cast: Freeze            ||     5
 Stab: Sleeping          ||     1
Armor: Robe              ||    10
Dodge: Dodged            ||    28

Table legend:
 A = Non-vault XP
 B = Vault XP
 C = Vault XP percentage of total XP
 D = Non-vault monster count
 E = Vault monster count
 F = Vault count percentage of total count
                 A         B        C        D         E       F
            +---------+---------+-------+---------+---------+-------
      Total |       8 |       0 |   0.0 |       5 |       0 |   0.0
            +---------+---------+-------+---------+---------+-------
        D:1 |       8 |       0 |   0.0 |       5 |       0 |   0.0
            +---------+---------+-------+---------+---------+-------

Levels and vault maps discovered:
D:1:      moated_graveyard_arrival, layout_basic, solitary_fountain

Table legend:
 A = Turns spent in this place as a percentage of turns spent in the entire game.
 B = Non-inter-level travel turns spent in this place as a percentage of non-inter-level travel turns spent in the entire game.
 C = Inter-level travel turns spent in this place as a percentage of turns spent in this place.
 D = Turns resting spent in this place as a percentage of non-inter-level travel turns spent in this place.
 E = Turns spent auto-exploring this place as a percentage of non-inter-level travel turns spent in this place.
 F = Non-inter-level travel turns spent in this place divided by the number of levels of this place that you've seen.
                   A       B       C       D       E      F
               +-------+-------+-------+-------+-------+----------------------
         Total | 100.0 | 100.0 |   0.0 |  24.4 |  33.5 | 197.0
       Dungeon | 100.0 | 100.0 |   0.0 |  24.4 |  33.5 | 197.0
               +-------+-------+-------+-------+-------+----------------------

Table legend:
 A = Kills in this place as a percentage of kills in entire the game.
 B = Kills by you in this place as a percentage of kills by you in the entire game.
 C = Kills by friends in this place as a percentage of kills by friends in the entire game.
 D = Other kills in this place as a percentage of other kills in the entire game.
 E = Experience gained in this place as a percentage of experience gained in the entire game.
 F = Experience gained in this place divided by the number of levels of this place that you have seen.
                   A       B       C       D       E      F
               +-------+-------+-------+-------+-------+----------------------
         Total | 100.0 | 100.0 |   N/A |   N/A | 100.0 |   8.0
       Dungeon | 100.0 | 100.0 |   N/A |   N/A | 100.0 |   8.0
               +-------+-------+-------+-------+-------+----------------------
